Map: Ulrena

Players

IllIlIlllIIl - Winner!

  • Race: Zerg Zerg
  • League: Master

Miszu

  • Race: Terran Terran
  • League: Grandmaster

VOD

Have the link to the VOD?

Description

Time

  • Played on: May 11, 2016, 4:36 p.m.
  • Length: 4:11
Show
View Real Time Build Order
Export as new Build Order

IllIlIlllIIl Zerg - Winner!

Build Orders: Pool First 

Get SALT Encoding   

  12  0:00  Drone  
  13  0:08  Drone  
  14  0:17  Overlord  
  14  0:22  Extractor  
  14  0:23  Drone  
  15  0:35  Drone x2  
  17  0:45  Spawning Pool  
  17  0:48  Drone  
  17  0:55  Drone  
  18  1:01  Extractor  
  17  1:05  Drone  
  18  1:17  Hatchery  
  17  1:20  Drone  
  18  1:33  Queen  
  18  1:36  Drone  
  21  1:45  Roach Warren  
  20  1:52  Overlord  
  20  2:02  Drone  
  21  2:10  Queen  
  23  2:20  Drone  
  24  2:28  Roach x2  
  24  2:29  Roach  
  30  2:36  Overlord  
  30  2:41  Drone  
  30  2:42  Drone x2  
  33  2:47  Drone  
  33  2:49  Ravager x2  
  36  2:56  Drone x2  
  36  2:57  Drone  
  39  3:06  Overlord  
  39  3:07  Drone  
  40  3:19  Drone x4  
  44  3:25  Ravager  
  45  3:39  Overlord  
  45  3:42  Hatchery  
  44  3:50  Drone x4  
Show
View Real Time Build Order
Export as new Build Order

Miszu Terran 

Build Orders:  

Get SALT Encoding   

  12  0:00  SCV  
  13  0:13  SCV  
  14  0:22  Supply Depot  
  14  0:25  SCV  
  15  0:43  SCV  
  15  0:45  Barracks  
  15  0:47  Refinery  
  16  0:55  SCV  
  17  1:08  SCV  
  18  1:20  SCV  
  20  1:36  Reaper, Orbital Command  
  20  1:44  Command Center  
  20  1:55  Supply Depot  
  20  2:02  SCV  
  20  2:07  Marine  
  22  2:14  SCV  
  22  2:15  Factory  
  23  2:16  Refinery  
  23  2:26  SCV  
  24  2:31  Barracks Reactor  
  24  2:38  SCV  
  25  2:50  SCV  
  26  2:55  Orbital Command  
  26  2:57  Bunker  
  26  3:00  Starport, Factory Tech Lab  
  26  3:02  SCV  
  27  3:06  Marine x2  
  29  3:14  SCV  
  29  3:23  Siege Tank  
  29  3:25  Marine  
  29  3:26  SCV  
  33  3:30  Marine  
  34  3:38  SCV  
  35  3:43  Marine  
  35  3:52  Marine  
  35  3:54  SCV x2  
Tags
 
Add a new tag
Caveats
  • Supply blocks, unpowered buildings, or Contaminate may cause inaccurate times.
  • Supply counts are checked every 10 seconds.